 Dungeon Crawl Stone Soup version 0.29.1-1-gd02db6906a (webtiles) character file.

Game seed: 16103602434807554910

11965 sleeves the Skirmisher (level 11, -2/86 HPs)
             Began as a Palentonga Berserker on Sept 29, 2022.
             Was an Elder of Trog.
             Succumbed to a cane toad's poison
             ... on level 1 of the Lair of Beasts.
             The game lasted 00:36:22 (18030 turns).

sleeves the Skirmisher (Palentonga Berserker)      Turns: 18030, Time: 00:36:22

Health: -2/86      AC: 14    Str: 24    XL:     11   Next: 56%
Magic:  6/11       EV:  9    Int:  7    God:    Trog [****..]
Gold:   562        SH:  5    Dex: 13    Spells: 10/10 levels left

rFire   . . .      SeeInvis +   a - +0 flail
rCold   + . .      Faith    .   K - +0 buckler
rNeg    . . .      Spirit   +   C - +1 plate armour {rC+}
rPois   .          Reflect  .   (no helmet)
rElec   .          Harm     .   x - +0 cloak
rCorr   .          Rampage  .   k - +1 pair of gloves
Will    .....                   (no barding)
Stlth   ..........              h - amulet of guardian spirit
HPRegen 0.24/turn               E - +4 ring of evasion
MPRegen 0.12/turn               (no ring)

@: lethally poisoned (-2 -> -22), on berserk cooldown, slowed, very slow
A: large, rugged brown scales 3, see invisible, deformed body, roll 1, armoured
tail, reflexive curl
a: Rolling Charge, Renounce Religion, Berserk, Trog's Hand, Brothers in Arms


You were on level 1 of the Lair of Beasts.
You worshipped Trog.
Trog was greatly pleased with you.
You visited 2 branches of the dungeon, and saw 12 of its levels.

You collected 562 gold pieces.

Inventory:

Hand Weapons
 a - a +0 flail (weapon)
   (You took it off an orc on level 10 of the Dungeon)
 b - a +0 sling of flaming
   (You took it off a goblin on level 3 of the Dungeon)
Armour
 g - a scarf of invisibility
   (You found it on level 2 of the Dungeon)
 k - a +1 pair of gloves (worn)
   (You found it on level 5 of the Dungeon)
 x - a +0 cloak (worn)
   (You took it off Crazy Yiuf on level 5 of the Dungeon)
 z - a +2 leather armour of poison resistance
   (You took it off Joseph on level 7 of the Dungeon)
 C - a +1 plate armour of cold resistance (worn)
   (You took it off an orc warrior on level 9 of the Dungeon)
 D - a +1 leather armour of fire resistance
   (You took it off an orc on level 9 of the Dungeon)
 I - a +0 troll leather armour
   (You found it on level 10 of the Dungeon)
 J - +0 acid dragon scales
   (You found it on level 11 of the Dungeon)
 K - a +0 buckler (worn)
   (You took it off a gnoll sergeant on level 10 of the Dungeon)
Jewellery
 h - an amulet of guardian spirit (around neck)
   (You found it on level 6 of the Dungeon)
 E - a +4 ring of evasion (left hand)
   (You took it off a gnoll on level 9 of the Dungeon)
Wands
 c - a wand of roots (23)
   (You found it on level 4 of the Dungeon)
 G - a wand of paralysis (5)
   (You found it on level 9 of the Dungeon)
Scrolls
 i - 3 scrolls of blinking
 j - 3 scrolls of teleportation
 n - a scroll of immolation
 o - a scroll of torment
 p - 2 scrolls of enchant weapon
 r - 3 scrolls of vulnerability {unknown}
 w - a scroll of silence {unknown}
 y - 2 scrolls of identify
 A - 3 scrolls of noise {unknown}
 B - a scroll of enchant armour
 F - 2 scrolls of fear {unknown}
Potions
 d - 2 potions of flight
 e - a potion of degeneration
 f - 3 potions of heal wounds
 l - 3 potions of curing
 m - 3 potions of lignification
 q - 3 potions of ambrosia
 s - 2 potions of brilliance {unknown}
 t - a potion of attraction {unknown}
 u - a potion of might
 v - a potion of magic {unknown}
 H - a potion of mutation {unknown}


   Skills:
 + Level 6.0 Fighting
 + Level 10.3 Maces & Flails
 - Level 11.1 Ranged Weapons
 + Level 4.5 Armour
 - Level 1.5 Dodging
 + Level 3.9 Shields


You had 10 spell levels left.
You didn't know any spells.
Your spell library was empty.

Dungeon Overview and Level Annotations

Branches:
Dungeon (11/15)            Temple (0/1) D:5            Lair (1/5) D:11
    Orc: D:9-12

Altars:
Cheibriados
Okawaru
Ru
Sif Muna
Uskayaw
Xom
Yredelemnul

Annotations:
D:2 Natasha
D:3 Terence
D:7 2 transporters, exclusion: 4 doors, CougarLife's ghost, novice TrEE


Innate Abilities, Weirdness & Mutations

You are completely covered in rugged brown scales. (AC +3, +7% HP)
You have supernaturally acute eyesight. (SInv)
Armour fits poorly on your strangely shaped body.
You can roll at nearby foes to attack.
You have a long armoured tail.
You curl defensively after being hit. (AC +7*)


Message History

The black bear is heavily wounded.
The black bear barely misses you.
The black bear claws you but does no damage. x2
You barely miss the black bear.
Your tail-slap misses the black bear.
The black bear is heavily wounded.
You sock the black bear!
You kill the black bear!
Trog accepts your kill. The acid dragon spits acid at you.
The splash of acid hits you. The acid corrodes you!
You roll forward with a clatter of scales!
You hit the acid dragon but do no damage.
The acid dragon bites you. The acid dragon barely misses you.
There's nothing you can charge at!
The iguana hisses angrily.
You hit the acid dragon.
The acid dragon is lightly wounded.
You hear an angry hiss.
The iguana hisses menacingly.
The acid dragon bites you. The acid dragon completely misses you.
You barely miss the acid dragon.
The acid dragon is lightly wounded.
The acid dragon bites you but does no damage.
The acid dragon claws you but does no damage.
A red film seems to cover your vision as you go berserk!
You feel yourself moving faster!
You feel mighty! The acid dragon bites you. The acid dragon barely misses you.
You closely miss the acid dragon. You tail-slap the acid dragon.
The acid dragon is moderately wounded.
The acid dragon bites you. The acid dragon barely misses you.
You barely miss the acid dragon.
The acid dragon is moderately wounded.
The acid dragon closely misses you. The acid dragon claws you.
You barely miss the acid dragon. You tail-slap the acid dragon.
The acid dragon is moderately wounded.
You thump the acid dragon!
The acid dragon is severely wounded.
The acid dragon spits acid at you. The splash of acid hits you!
You hit the acid dragon.
The acid dragon is almost dead.
You hit the acid dragon.
The acid dragon is almost dead.
The acid dragon bites you! You block the acid dragon's attack.
You are too injured to fight recklessly!
You are too injured to fight recklessly!
You are too injured to fight recklessly!
You are too injured to fight recklessly!
You are too injured to fight recklessly!
You are too injured to fight recklessly!
You are too injured to fight recklessly!
You are too injured to fight recklessly!
You are too injured to fight recklessly!
You are too injured to fight recklessly!
You are too injured to fight recklessly!
You are too injured to fight recklessly!
You are too injured to fight recklessly!
You are too injured to fight recklessly!
You are too injured to fight recklessly!
You are too injured to fight recklessly!
You are too injured to fight recklessly!
You are too injured to fight recklessly!
You are too injured to fight recklessly!
You thump the acid dragon!
You kill the acid dragon!
Trog accepts your kill.
The acid dragon scales are intact enough to wear.
Your Fighting skill increases to level 5!
You hit the black bear. You tail-slap the black bear!!
The black bear is severely wounded.
You bludgeon the black bear!!
You kill the black bear!
Trog accepts your kill.
You closely miss the iguana. The iguana bites you.
You hit the iguana.
The iguana is moderately wounded.
You sock the iguana!
You kill the iguana!
Trog accepts your kill.
You slam the door shut with a bang, pushing everything out of the way!
You see here an acid dragon corpse.
You start resting.
You feel a strong urge to attack something.
You start resting.
You are no longer berserk.
You are exhausted.
You feel yourself slow down.
You start resting.
You are no longer corroded.
You start resting.
Magic restored.
You start resting.
You feel yourself speed up.
You start resting.
You recover from your berserk rage.
You start resting.
HP restored.
You open the door.
There is an open door here.
You see here +0 acid dragon scales.
J - +0 acid dragon scales You start removing your armour.
You continue taking off your +1 plate armour of cold resistance. x4
You finish taking off your +1 plate armour of cold resistance.
You feel less resistant to cold.
You start putting on your armour.
You continue putting on your +0 acid dragon scales. x5
You finish putting on your +0 acid dragon scales.
Okay, then.
Unknown command.
You start removing your armour.
You continue taking off your +0 acid dragon scales. x4
You finish taking off your +0 acid dragon scales.
You start putting on your armour.
You continue putting on your +1 plate armour of cold resistance. x5
You finish putting on your +1 plate armour of cold resistance.
You feel resistant to cold.
Okay, then.
The water moccasin hisses angrily.
A water moccasin is nearby!
A water moccasin is nearby!
The water moccasin hisses angrily.
You roll forward with a clatter of scales!
You thump the water moccasin!
Your tail-slap misses the water moccasin.
The water moccasin is heavily wounded.
The water moccasin bites you but does no damage. x2
You barely miss the water moccasin.
The water moccasin is heavily wounded.
The water moccasin completely misses you.
You hit the water moccasin.
The water moccasin is severely wounded.
You block the water moccasin's attack. The water moccasin bites you.
You barely miss the water moccasin.
Your tail-slap misses the water moccasin.
The water moccasin is severely wounded.
The water moccasin bites you.
The water moccasin bites you but does no damage.
The water moccasin bites you.
You hit the water moccasin.
Your tail-slap misses the water moccasin.
The water moccasin is almost dead.
The water moccasin barely misses you. The water moccasin closely misses you.
You barely miss the water moccasin.
The water moccasin is almost dead.
The water moccasin closely misses you.
The water moccasin bites you but does no damage. x2
You miss the water moccasin. You tail-slap the water moccasin.
You kill the water moccasin!
Trog accepts your kill.
The water moccasin bites you but does no damage.
You barely miss the water moccasin. The water moccasin closely misses you.
You sock the water moccasin!
The water moccasin is heavily wounded.
The water moccasin bites you.
You closely miss the water moccasin.
The water moccasin is heavily wounded.
The water moccasin bites you but does no damage. x2
You miss the water moccasin.
The water moccasin is heavily wounded.
The water moccasin bites you but does no damage.
You closely miss the water moccasin.
The water moccasin is heavily wounded.
The water moccasin bites you!
You are poisoned.
The water moccasin poisons you!
You hit the water moccasin but do no damage.
The water moccasin is heavily wounded.
You feel very sick. The water moccasin barely misses you.
The water moccasin bites you but does no damage.
You thump the water moccasin!
You kill the water moccasin!
Trog accepts your kill.
You feel sick.
Your Ranged Weapons skill increases to level 11!
No target in view!
No target in view!
You feel sick.
You feel sick.
You feel sick.
You feel sick.
Magic restored.
You feel sick.
You feel sick.
You feel sick.
You are no longer poisoned.
A wolf is nearby!
A wolf is nearby!
A wolf is nearby!
A wolf is nearby!
You roll forward with a clatter of scales!
You bludgeon the wolf!!
You kill the wolf!
Trog accepts your kill.
No target in view!
Key pressed, stopping explore.
The troll shouts!
A troll is nearby!
You roll forward with a clatter of scales!
You barely miss the troll. You tail-slap the troll.
The troll is lightly wounded.
The troll bites you but does no damage. The troll claws you but does no damage.
The troll barely misses you.
You hit the troll but do no damage.
The troll is lightly wounded.
You block the troll's attack. The troll claws you.
The troll claws you but does no damage.
You barely miss the troll.
The troll is lightly wounded.
The troll completely misses you. The troll claws you!
You block the troll's attack.
You hit the troll.
The troll is lightly wounded.
The troll barely misses you. The troll claws you! The troll claws you.
You sock the troll!
The troll is moderately wounded.
The troll bites you! The troll claws you.
The troll claws you but does no damage.
You are too injured to fight recklessly!
You are too injured to fight recklessly!
You hit the troll but do no damage.
The troll is moderately wounded.
You block the troll's attack. The troll barely misses you. The troll claws you.
The cyclops shouts!
You sock the troll!
The troll is severely wounded.
The troll bites you.
* * * LOW HITPOINT WARNING * * *
The troll claws you.
* * * LOW HITPOINT WARNING * * *
The troll claws you but does no damage.
A red film seems to cover your vision as you go berserk!
You feel yourself moving faster!
You feel mighty! The troll bites you but does no damage.
The troll claws you but does no damage. The troll completely misses you.
You thump the troll!
The troll is almost dead.
You barely miss the troll.
Your tail-slap misses the troll.
The troll is almost dead.
The troll bites you but does no damage. The troll closely misses you.
The troll barely misses you.
You bludgeon the troll!!
You kill the troll!
Trog accepts your kill.
You see here a troll corpse.
You sock the cyclops!
The cyclops is moderately wounded.
A manticore comes into view.
You bludgeon the cyclops!!
The cyclops is severely wounded.
You block the cyclops's attack.
You bludgeon the cyclops!!
You kill the cyclops!
Trog accepts your kill.
You feel a strong urge to attack something.
You are no longer berserk.
You are exhausted.
You feel yourself slow down.
As you read the scroll of teleportation, it crumbles to dust.
You feel strangely unstable.
Your surroundings suddenly seem different.
You start resting.
You feel yourself speed up.
You start resting.
You recover from your berserk rage.
You start resting.
Magic restored.
You start resting.
HP restored.
You open the door.
Found an escape hatch in the ceiling.
There is an open door here.
There is an escape hatch in the ceiling here.
There is an open door here.
There is an open door here.
Found a stone staircase leading down.
c - a wand of roots (23) (gained 5 charges)
There is an open door here.
r - 2 scrolls labelled FUECSU MEOSH (gained 1)
You open the door.
A two-headed ogre comes into view. It is wielding two +0 giant clubs.
The two-headed ogre shouts in stereo!
A two-headed ogre is nearby!
You roll forward with a clatter of scales!
You thump the two-headed ogre! You tail-slap the two-headed ogre.
The two-headed ogre is moderately wounded.
The two-headed ogre hits you with a +0 giant club!!
The two-headed ogre hits you with a +0 giant club.
You sock the two-headed ogre!
The two-headed ogre is heavily wounded.
The two-headed ogre barely misses you.
The two-headed ogre hits you with a +0 giant club!
You are too injured to fight recklessly!
You are too injured to fight recklessly!
You are too injured to fight recklessly!
You sock the two-headed ogre!
The two-headed ogre is severely wounded.
You sock the two-headed ogre!
The two-headed ogre is almost dead.
The two-headed ogre hits you with a +0 giant club.
The two-headed ogre hits you with a +0 giant club!
* * * LOW HITPOINT WARNING * * *
You sock the two-headed ogre!
You kill the two-headed ogre!
Trog accepts your kill.
Your Maces & Flails skill increases to level 10!
Your Armour skill increases to level 4!
Your Shields skill increases to level 3!
Magic restored.
Key pressed, stopping explore.
Things that are here:
a +0 giant club; a +0 giant club; a two-headed ogre corpse
There is an open door here.
There is an open door here.
A wyvern is nearby!
A wyvern is nearby!
A wyvern is nearby!
You roll forward with a clatter of scales!
You hit the wyvern. You tail-slap the wyvern!
The wyvern is moderately wounded.
The wyvern bites you! The wyvern barely misses you.
You sock the wyvern!
The wyvern is severely wounded.
You block the wyvern's attack.
You sock the wyvern!
The wyvern is almost dead.
The wyvern bites you but does no damage.
The wyvern bites you.
You hit the wyvern.
The wyvern is almost dead.
The wyvern bites you but does no damage.
You hit the wyvern but do no damage.
Your tail-slap misses the wyvern.
The wyvern is almost dead.
You block the wyvern's attack.
The wyvern bites you but does no damage.
You sock the wyvern!
You kill the wyvern!
Trog accepts your kill.
No target in view!
There is an open door here.
There is an open door here.
There is an open door here.
There is an open door here.
There is an open door here.
There is an open door here.
A black bear is nearby!
A black bear is nearby!
A black bear is nearby!
There's nothing you can charge at!
You roll forward with a clatter of scales!
You hit the black bear but do no damage.
You tail-slap the black bear!!
The black bear is severely wounded.
The black bear bites you but does no damage.
The black bear claws you but does no damage. x2
You closely miss the black bear. You tail-slap the black bear!
The black bear is almost dead.
The black bear bites you but does no damage.
The black bear barely misses you.
The black bear claws you but does no damage.
You hit the black bear.
You kill the black bear!
Trog accepts your kill.
No target in view!
Done exploring.
Done exploring.
Done exploring.
(D) Dungeon (T) Temple (L) Lair
Where to? (Enter - D:10 @ (x,y), ? - help)
Okay, then.
Okay, then.
Search for what [Enter for "mace", or ? for help]? rp+ Can't find anything matching that.
(D) Dungeon (T) Temple (L) Lair
Where to? (Enter - D:10 @ (x,y), ? - help)
What level of the Lair of Beasts? (default 1, ? - help)
You see here 3 large rocks.
There is a staircase to the Lair here.
You climb downwards.
Welcome to the Lair of Beasts!
The water moccasin hisses angrily.
The bullfrog gives a loud, deep croak!
Found a scroll labelled FUECSU MEOSH.
There is a staircase back to the Dungeon here.
There are monsters nearby!
You hit the bullfrog.
The bullfrog is moderately wounded.
The bullfrog closely misses you.
The bullfrog hits you but does no damage.
You climb upwards.
Welcome back to the Dungeon!
There is a staircase to the Lair here.
You closely miss the bullfrog.
Your tail-slap misses the bullfrog.
The bullfrog is moderately wounded.
You block the bullfrog's attack. The bullfrog closely misses you.
You closely miss the bullfrog.
Your tail-slap misses the bullfrog.
The bullfrog is moderately wounded.
The wyvern barely misses you. The bullfrog hits you.
The wyvern bites you but does no damage.
You hit the bullfrog.
The bullfrog is heavily wounded.
You block the bullfrog's attack.
The wyvern bites you but does no damage.
The bullfrog hits you.
You sock the bullfrog!
You kill the bullfrog!
Trog accepts your kill.
The wyvern bites you but does no damage.
The wyvern barely misses you.
You hit the wyvern.
The wyvern is moderately wounded.
The wyvern barely misses you.
You hit the wyvern but do no damage.
The wyvern is moderately wounded.
You block the wyvern's attack. The wyvern closely misses you.
You thump the wyvern!
The wyvern is heavily wounded.
The wyvern closely misses you.
You hit the wyvern but do no damage.
The wyvern is heavily wounded.
The wyvern barely misses you. The wyvern bites you.
You barely miss the wyvern.
Your tail-slap misses the wyvern.
The wyvern is heavily wounded.
The wyvern bites you!
You closely miss the wyvern. You tail-slap the wyvern.
The wyvern is heavily wounded.
The wyvern bites you.
You hit the wyvern.
Your tail-slap misses the wyvern.
The wyvern is severely wounded.
The wyvern bites you! The wyvern closely misses you.
You hit the wyvern.
You tail-slap the wyvern, but do no damage.
The wyvern is almost dead.
You block the wyvern's attack.
You closely miss the wyvern.
The wyvern is almost dead.
The wyvern bites you. The wyvern closely misses you.
You sock the wyvern!
You kill the wyvern!
Trog accepts your kill.
No target in view!
No target in view!
No target in view!
You start resting.
Magic restored.
You start resting.
HP restored.
You climb downwards.
Welcome back to the Lair of Beasts!
The water moccasin closely misses you. x2
There is a staircase back to the Dungeon here.
You miss the water moccasin. You block the water moccasin's attack.
The water moccasin bites you but does no damage.
You barely miss the water moccasin. You block the water moccasin's attack.
You miss the water moccasin. You tail-slap the water moccasin!
The water moccasin is moderately wounded.
The water moccasin bites you.
You barely miss the water moccasin.
Your tail-slap misses the water moccasin.
The water moccasin is moderately wounded.
The water moccasin barely misses you. The water moccasin bites you.
You are poisoned.
The water moccasin poisons you!
You thump the water moccasin!
Your tail-slap misses the water moccasin.
The water moccasin is severely wounded.
You feel very sick. The water moccasin bites you.
You hit the water moccasin.
Your tail-slap misses the water moccasin.
The water moccasin is severely wounded.
You feel sick. The water moccasin closely misses you.
You sock the water moccasin!
You kill the water moccasin!
Trog accepts your kill.
You feel sick.
No target in view!
No target in view!
Your +0 sling of flaming bursts into flame!
b - a +0 sling of flaming (weapon)
You feel sick.
You feel sick.
You feel sick.
You feel sick.
You feel sick.
You feel sick.
You feel sick.
You are no longer poisoned.
A wolf comes into view. x2
The wolf moves out of view.
A wolf is nearby!
You shoot a sling bullet.
The sling bullet hits the wolf but does no damage.
A wolf comes into view.
The wolf moves out of view.
You shoot a sling bullet. The wolf howls!
The sling bullet hits the wolf but does no damage.
You hear a howl! x2
A wolf comes into view.
You hear a howl!
You shoot a sling bullet. The sling bullet misses the wolf.
The wolf howls!
You block the wolf's attack.
A wolf comes into view.
The wolf closely misses you. The wolf barely misses you.
Your +0 sling of flaming stops flaming.
a - a +0 flail (weapon)
The wolf barely misses you. You block the wolf's attack.
The wolf barely misses you.
You climb upwards.
Welcome back to the Dungeon!
There is a staircase to the Lair, spattered with blood here.
You completely miss the wolf. The wolf bites you but does no damage.
The wolf barely misses you. The wolf bites you but does no damage.
The wolf bites you.
You closely miss the wolf.
Your tail-slap misses the wolf.
The wolf bites you but does no damage. x2
You hit the wolf.
The wolf is moderately wounded.
The wolf closely misses you.
The wolf bites you but does no damage. x2
The wolf closely misses you.
You sock the wolf!
You kill the wolf!
Trog accepts your kill. The wolf bites you but does no damage.
The wolf bites you!
You closely miss the wolf. The wolf barely misses you.
You completely miss the wolf. The wolf bites you. You block the wolf's attack.
You closely miss the wolf.
Your tail-slap misses the wolf.
The wolf bites you but does no damage.
You thump the wolf!
The wolf is severely wounded.
The wolf bites you but does no damage. The wolf bites you!
You are too injured to fight recklessly!
You are too injured to fight recklessly!
You are too injured to fight recklessly!
You are too injured to fight recklessly!
You are too injured to fight recklessly!
You are too injured to fight recklessly!
You are too injured to fight recklessly!
You are too injured to fight recklessly!
You are too injured to fight recklessly!
You are too injured to fight recklessly!
You are too injured to fight recklessly!
You are too injured to fight recklessly!
You are too injured to fight recklessly!
You hit the wolf but do no damage.
The wolf is heavily wounded.
The wolf barely misses you.
You closely miss the wolf.
The wolf is heavily wounded.
The wolf barely misses you. x2
You barely miss the wolf.
The wolf is heavily wounded.
The wolf bites you.
You sock the wolf!
The wolf is almost dead.
The wolf bites you but does no damage. x2
You miss the wolf.
The wolf is almost dead.
The wolf barely misses you.
You barely miss the wolf.
The wolf is almost dead.
The wolf bites you but does no damage. x2
You hit the wolf but do no damage.
Your tail-slap misses the wolf.
The wolf is almost dead.
The wolf barely misses you. The wolf closely misses you.
You hit the wolf.
You kill the wolf!
Trog accepts your kill.
You see here a wolf corpse.
You start resting.
Magic restored.
You start resting.
HP restored.
There is a staircase to the Lair, spattered with blood here.
You climb downwards.
Welcome back to the Lair of Beasts!
The wolf closely misses you. The wolf barely misses you.
The wolf bites you but does no damage. x2; You block the wolf's attack.
The wolf barely misses you. The wolf bites you but does no damage.
The wolf bites you. The wolf bites you but does no damage.
There is a staircase back to the Dungeon here.
The wolf attacks as you move away! You block the wolf's attack.
The wolf bites you. x2
The wolf bites you but does no damage. The wolf bites you.
You thump the wolf!
The wolf is heavily wounded.
You block the wolf's attack. The wolf bites you but does no damage.
The wolf bites you! The wolf completely misses you.
The wolf bites you but does no damage. The wolf attacks as you move away!
You block the wolf's attack.
The wolf bites you but does no damage. x2
A red film seems to cover your vision as you go berserk!
You feel yourself moving faster!
You feel mighty! The wolf bites you but does no damage. The wolf bites you.
The wolf bites you but does no damage. You block the wolf's attack.
You miss the wolf.
Your tail-slap misses the wolf.
The wolf is moderately wounded.
The wolf misses you. The wolf bites you but does no damage.
The wolf completely misses you.
You barely miss the wolf.
Your tail-slap misses the wolf.
The wolf is moderately wounded.
The wolf completely misses you. The wolf barely misses you.
The wolf misses you. The wolf bites you but does no damage.
You sock the wolf!
The wolf is severely wounded.
You block the wolf's attack. The wolf closely misses you.
The wolf bites you but does no damage.
You barely miss the wolf. You tail-slap the wolf.
The wolf is severely wounded.
The wolf misses you. The wolf barely misses you.
You closely miss the wolf.
The wolf is severely wounded.
The wolf barely misses you. The wolf closely misses you.
The wolf barely misses you.
You thump the wolf!
You kill the wolf!
Trog accepts your kill. The wolf bites you. x3
You thump the wolf!
The wolf is moderately wounded.
The wolf bites you but does no damage. The wolf bites you.
You barely miss the wolf. You tail-slap the wolf!
The wolf is almost dead.
You block the wolf's attack. The wolf bites you but does no damage.
You sock the wolf!
You kill the wolf!
Trog accepts your kill. You block the wolf's attack.
You barely miss the wolf. You tail-slap the wolf!!
The wolf is severely wounded.
The wolf bites you but does no damage.
You closely miss the wolf. You tail-slap the wolf.
You feel the power of Trog in you as your rage grows.
You kill the wolf!
Trog accepts your kill.
No target in view!
No target in view!
No target in view!
No target in view!
No target in view!
No target in view!
You feel a strong urge to attack something.
You feel your anger nearly subside.
You are no longer berserk.
You are exhausted.
You feel yourself slow down.
A water moccasin comes into view.
A water moccasin is nearby!
A water moccasin is nearby!
A water moccasin is nearby!
You see here a wolf corpse.
You roll forward with a clatter of scales!
You closely miss the water moccasin. The water moccasin closely misses you.
The water moccasin barely misses you.
You barely miss the water moccasin.
The water moccasin bites you but does no damage.
The water moccasin barely misses you.
You miss the water moccasin.
You block the water moccasin's attack. x2
You sock the water moccasin!
The water moccasin is heavily wounded.
The water moccasin bites you but does no damage. x2
You miss the water moccasin.
Your tail-slap misses the water moccasin.
The water moccasin is heavily wounded.
The water moccasin bites you. The water moccasin barely misses you.
You closely miss the water moccasin.
The water moccasin is heavily wounded.
The water moccasin bites you but does no damage.
The water moccasin barely misses you.
You bludgeon the water moccasin!!
You kill the water moccasin!
Trog accepts your kill.
You can now call in reinforcements.
No target in view!
Magic restored.
You feel yourself speed up.
You recover from your berserk rage.
HP restored.
A yak comes into view.
The yak bellows!
A yak comes into view. x2
You see here a scroll labelled FUECSU MEOSH.
There are monsters nearby!
There are monsters nearby!
Something gores the plant!
The plant begins to die.
You hear a bellow! x2
Found 16 gold pieces.
You hit the yak.
The yak is lightly wounded.
The yak gores you.
You hit the yak but do no damage. You tail-slap the yak!
The yak is moderately wounded.
The yak completely misses you. The yak attacks as you move away!
The yak gores you but does no damage.
You hit the yak. You tail-slap the yak.
The yak is heavily wounded.
The yak completely misses you.
You hit the yak.
The yak is heavily wounded.
The yak closely misses you.
A yak comes into view.
The yak bellows!
You thump the yak! You tail-slap the yak.
The yak is almost dead.
You hear a bellow!
The yak gores you but does no damage.
You hear a bellow!
You hit the yak.
The yak is almost dead.
You hear a bellow!
The yak completely misses you.
You hear a bellow!
You hit the yak. You tail-slap the yak.
You kill the yak!
Trog accepts your kill.
You hit the yak but do no damage. You tail-slap the yak!
The yak is moderately wounded.
You hit the yak.
The yak is moderately wounded.
The yak gores you but does no damage.
You hit the yak but do no damage.
Your tail-slap misses the yak.
The yak is moderately wounded.
A yak comes into view.
The yak gores you!
You barely miss the yak.
The yak is moderately wounded.
The yak bellows!
A yak comes into view.
The yak completely misses you.
You sock the yak!
The yak is heavily wounded.
The yak closely misses you. The yak attacks as you move away!
The yak gores you! The yak attacks as you move away!
The yak closely misses you.
You hit the yak.
The yak is lightly wounded.
The yak gores you but does no damage.
You see here a wolf corpse.
There is a staircase back to the Dungeon here.
You hit the yak.
The yak is lightly wounded.
You block the yak's attack.
You hit the yak.
The yak is moderately wounded.
The yak gores you!
You thump the yak! You tail-slap the yak.
The yak is severely wounded.
The yak gores you but does no damage.
The yak bellows!
You thump the yak!
You kill the yak!
Trog accepts your kill. The yak gores you! The yak barely misses you.
The yak closely misses you.
You climb upwards.
Welcome back to the Dungeon!
There is a staircase to the Lair, spattered with blood here.
The yak gores you but does no damage. The yak attacks as you move away!
The yak gores you but does no damage. The yak attacks as you move away!
The yak gores you. The yak attacks as you move away!
The yak closely misses you. The yak attacks as you move away!
The yak gores you but does no damage. The yak attacks as you move away!
The yak gores you. The yak attacks as you move away! The yak gores you!
* * * LOW HITPOINT WARNING * * *
The yak gores the plant!
The plant begins to die.
The yak attacks as you move away! The yak gores you but does no damage.
The yak attacks as you move away! The yak gores you.
* * * LOW HITPOINT WARNING * * *
You sock the yak! You tail-slap the yak.
The yak is heavily wounded.
The yak completely misses you.
You completely miss the yak.
The yak is heavily wounded.
You closely miss the yak.
The yak is heavily wounded.
The yak gores you!
* * * LOW HITPOINT WARNING * * *
You barely miss the yak.
The yak is heavily wounded.
The yak gores you but does no damage.
A red film seems to cover your vision as you go berserk!
You feel yourself moving faster!
You feel mighty!
You can no longer call in reinforcements.
The yak barely misses you.
You sock the yak!
The yak is severely wounded.
The yak gores you but does no damage.
You barely miss the yak.
The yak is severely wounded.
The yak gores you.
* * * LOW HITPOINT WARNING * * *
You sock the yak!
The yak is almost dead.
You sock the yak!
You kill the yak!
Trog accepts your kill.
You thump the yak! You tail-slap the yak.
You kill the yak!
Trog accepts your kill.
You can now call in reinforcements.
You see here a yak corpse.
You feel a strong urge to attack something.
You start resting.
You feel your anger nearly subside.
You are no longer berserk.
You are exhausted.
You feel yourself slow down.
You start resting.
Magic restored.
You start resting.
You feel yourself speed up.
You start resting.
You recover from your berserk rage.
You start resting.
HP restored.
Unknown command.
There is a staircase to the Lair, spattered with blood here.
You climb downwards.
Welcome back to the Lair of Beasts!
The yak gores you but does no damage. The yak gores you.
There is a staircase back to the Dungeon, spattered with blood here.
You closely miss the yak. You tail-slap the yak!
The yak is moderately wounded.
The yak barely misses you. The yak gores you!
You barely miss the yak. You tail-slap the yak.
The yak is moderately wounded.
The yak gores you but does no damage. x2
You sock the yak!
The yak is heavily wounded.
The yak gores you! The yak gores you but does no damage.
You barely miss the yak.
The yak is heavily wounded.
The yak gores you. x2
You thump the yak!
The yak is severely wounded.
The yak closely misses you. You block the yak's attack.
You hit the yak. You tail-slap the yak.
The yak is almost dead.
The yak gores you. The yak gores you!
You sock the yak!
You kill the yak!
Trog accepts your kill.
You hit the yak.
The yak is lightly wounded.
The yak barely misses you.
You closely miss the yak.
The yak is lightly wounded.
The yak gores you.
You hit the yak.
The yak is moderately wounded.
The yak gores you.
You barely miss the yak.
The yak is moderately wounded.
You block the yak's attack.
You hit the yak. You tail-slap the yak.
The yak is heavily wounded.
You block the yak's attack.
You hit the yak.
The yak is heavily wounded.
The yak gores you but does no damage.
You sock the yak!
You kill the yak!
Trog accepts your kill.
You see here a yak corpse.
Magic restored.
Key pressed, stopping explore.
HP restored.
r - 3 scrolls labelled FUECSU MEOSH (gained 1) Key pressed, stopping explore.
You see here a yak corpse.
You now have 553 gold pieces (gained 16).
y - 2 scrolls of identify (gained 1)
A bullfrog comes into view.
The bullfrog gives a loud, deep croak!
You roll forward with a clatter of scales!
You barely miss the bullfrog.
The bullfrog hits you but does no damage. x2
You hit the bullfrog but do no damage. You tail-slap the bullfrog.
The bullfrog is lightly wounded.
The bullfrog hits you but does no damage.
You hit the bullfrog.
The bullfrog is moderately wounded.
The bullfrog hits you but does no damage.
The bullfrog closely misses you.
You barely miss the bullfrog.
The bullfrog is moderately wounded.
The bullfrog hits you but does no damage.
You thump the bullfrog!
The bullfrog is almost dead.
You block the bullfrog's attack. x2
You thump the bullfrog!
You kill the bullfrog!
Trog accepts your kill.
Your Fighting skill increases to level 6!
No target in view!
Your +0 sling of flaming bursts into flame!
b - a +0 sling of flaming (weapon)
Found a stone staircase leading down.
Found 4 boomerangs.
s - 2 sedimented puce potions (gained 1)
You now have 562 gold pieces (gained 9).
A cane toad comes into view.
The cane toad croaks.
A cane toad is nearby!
You shoot a sling bullet. The sling bullet hits the cane toad.
The sling bullet burns the cane toad.
The cane toad is lightly wounded.
You shoot a sling bullet.
The sling bullet hits the cane toad but does no damage.
The cane toad is lightly wounded.
You shoot a sling bullet.
The sling bullet hits the cane toad but does no damage.
The cane toad is lightly wounded.
Your +0 sling of flaming stops flaming.
a - a +0 flail (weapon)
The cane toad stings you!!
You are poisoned.
The cane toad poisons you!
You sock the cane toad! You tail-slap the cane toad!
The cane toad is heavily wounded.
You feel very sick. You block the cane toad's attack.
You hit the cane toad but do no damage.
The cane toad is heavily wounded.
You feel very sick. The cane toad stings you.
You barely miss the cane toad.
The cane toad is heavily wounded.
You feel very sick.
The cane toad stings you but does no damage.
You are too injured to fight recklessly!
You are too injured to fight recklessly!
You are too injured to fight recklessly!
You completely miss the cane toad.
The cane toad is heavily wounded.
You feel sick. The cane toad barely misses you.
You hit the cane toad but do no damage.
Your tail-slap misses the cane toad.
The cane toad is heavily wounded.
You feel sick. The cane toad misses you.
You barely miss the cane toad. You tail-slap the cane toad.
The cane toad is heavily wounded.
You feel sick. The cane toad barely misses you.
You closely miss the cane toad.
You tail-slap the cane toad, but do no damage.
The cane toad is heavily wounded.
You feel sick. The cane toad stings you!
* * * LOW HITPOINT WARNING * * *
You hit the cane toad but do no damage.
Your tail-slap misses the cane toad.
The cane toad is heavily wounded.
You feel sick.
The cane toad stings you but does no damage.
You hit the cane toad.
The cane toad is severely wounded.
You feel sick.
The cane toad stings you but does no damage.
The cane toad barely misses you.
You barely miss the cane toad.
The cane toad is severely wounded.
You feel sick.
The cane toad stings you but does no damage.
You barely miss the cane toad.
You tail-slap the cane toad, but do no damage.
The cane toad is severely wounded.
You feel sick. The cane toad barely misses you.
You closely miss the cane toad.
The cane toad is severely wounded.
You feel sick. The cane toad stings you!
* * * LOW HITPOINT WARNING * * *
You are more poisoned.
The cane toad poisons you!
A red film seems to cover your vision as you go berserk!
You feel yourself moving faster!
You feel mighty!
You feel very sick.
The cane toad stings you but does no damage.
You hit the cane toad but do no damage.
The cane toad is heavily wounded.
You feel sick. The cane toad stings you.
* * * LOW HITPOINT WARNING * * *
You are lethally poisoned!
The cane toad poisons you!
You closely miss the cane toad.
The cane toad is heavily wounded.
* * * LOW HITPOINT WARNING * * *
You feel very sick.
You sock the cane toad!
The cane toad is severely wounded.
* * * LOW HITPOINT WARNING * * *
You feel very sick. The cane toad stings you.
* * * LOW HITPOINT WARNING * * *
You are more poisoned.
The cane toad poisons you!
You bludgeon the cane toad!!
You kill the cane toad!
Trog accepts your kill.
* * * LOW HITPOINT WARNING * * *
You feel very sick.
You are too berserk!
* * * LOW HITPOINT WARNING * * *
You feel very sick.
You feel a strong urge to attack something.
* * * LOW HITPOINT WARNING * * *
You feel very sick.
* * * LOW HITPOINT WARNING * * *
You feel very sick.
You feel your anger nearly subside.
You are no longer berserk.
You are exhausted.
You feel yourself slow down.
You die...

........#..#..#.....
.......#.##...#.....#
....................#
...................##
...(...............P#
......##.#..##.....##
....## ###..# .......
#### #..##.......
#...@.......
#...†.......
#...........
#...#.......
#..##....... #..#
.....#. #... .....#
#### .....#


There were no monsters in sight!

Vanquished Creatures
  2 two-headed ogres
  A cyclops (D:11)
  A cane toad (Lair:1)
  Joseph (D:7)
  An unseen horror (D:10)
  A kobold demonologist (D:10)
  4 trolls
  Grinder (D:5)
  A shadow (D:10)
  3 wyverns
  2 wraiths
  19 yaks
  A steam dragon (D:8)
  4 acid dragons
  4 water moccasins
  4 orc warriors
  4 black bears
  2 sky beasts
  8 wolves
  4 ogres
  4 centaurs
  A kobold brigand (D:10)
  4 bullfrogs
  A scorpion (D:7)
  5 gnoll sergeants
  An electric eel (D:6)
  3 howler monkeys
  A hound (D:5)
  3 orc priests
  A jelly (D:6)
  Crazy Yiuf (D:5)
  5 iguanas
  4 orc wizards
  15 gnolls
  6 adders
  2 white imps
  An ufetubus (D:4)
  3 worms
  3 dart slugs
  12 orcs
  6 endoplasms
  2 giant cockroaches
  8 goblins
  5 hobgoblins
  6 jackals
  5 quokkas
  13 ball pythons
  2 bats (D:1)
  3 frilled lizards
  2 kobolds (D:1)
  7 rats
203 creatures vanquished.

Vanquished Creatures (others)
  8 fungi
  20 plants
28 creatures vanquished.

Grand Total: 231 creatures vanquished

Notes
Turn   | Place    | Note
-------+----------+-------------------------------------------
     0 | D:1      | sleeves the Palentonga Berserker began the quest for the
                  | Orb.
     0 | D:1      | Reached XP level 1. HP: 19/19 MP: 1/1
   104 | D:1      | HP: 9/19 [jackal (3)]
   108 | D:1      | Reached XP level 2. HP: 11/25 MP: 2/2
   461 | D:1      | Reached skill level 4 in Maces & Flails
   854 | D:1      | Reached XP level 3. HP: 29/31 MP: 3/3
   863 | D:1      | Reached ** piety under Trog
  1035 | D:1      | Found a faded altar of an unknown god.
  1444 | D:2      | HP: 12/31 [worm (10)]
  1658 | D:2      | Noticed Natasha
  2331 | D:3      | You fall into a shaft and drop 2 floors!
  2331 | D:5      | Entered Level 5 of the Dungeon
  2348 | D:5      | Reached skill level 5 in Maces & Flails
  2348 | D:5      | Reached XP level 4. HP: 20/37 MP: 4/4
  2514 | D:5      | HP: 16/37 [gnoll/+0 club (5)]
  2837 | D:4      | Reached XP level 5. HP: 43/43 MP: 5/5
  2850 | D:4      | Reached skill level 6 in Maces & Flails
  2947 | D:4      | Noticed a sky beast
  3022 | D:4      | Noticed an ogre
  3229 | D:3      | Noticed Terence
  3563 | D:4      | HP: 21/43 [bullfrog (2)]
  3580 | D:4      | HP: 18/43 [adder (3)]
  3586 | D:4      | Reached XP level 6. HP: 22/50 MP: 6/6
  3896 | D:4      | Reached skill level 7 in Maces & Flails
  4220 | D:4      | HP: 22/50 [iguana (12)]
  4559 | D:5      | Noticed Grinder
  4699 | D:5      | HP: 24/50 [white imp/puff of frost (4)]
  4890 | D:5      | Reached *** piety under Trog
  5216 | D:5      | Found a staircase to the Ecumenical Temple.
  5390 | D:5      | HP: 24/50 [gnoll sergeant/+0 spear (9)]
  5633 | D:5      | Paralysed by Grinder for 3 turns
  5669 | D:5      | Reached skill level 8 in Maces & Flails
  5669 | D:5      | Gained mutation: You curl defensively after being hit. (AC
                  | +7*) [Palentonga growth]
  5669 | D:5      | Reached XP level 7. HP: 55/55 MP: 7/7
  6306 | D:5      | Found a runed translucent door.
  6308 | D:5      | Noticed Crazy Yiuf
  6372 | D:6      | Reached skill level 9 in Maces & Flails
  6372 | D:6      | Reached skill level 1 in Ranged Weapons
  6499 | D:6      | Reached skill level 2 in Ranged Weapons
  6736 | D:6      | Found a shimmering blue altar of Sif Muna.
  6940 | D:6      | Reached skill level 3 in Ranged Weapons
  6940 | D:6      | Reached XP level 8. HP: 48/62 MP: 6/8
  7137 | D:5      | Killed Grinder
  7138 | D:5      | Reached skill level 4 in Ranged Weapons
  7880 | D:7      | Noticed Joseph
  7905 | D:7      | HP: 28/62 [Joseph/sling bullet (14)]
  8463 | D:7      | Found a transporter.
  8563 | D:7      | HP: 29/62 [iguana (9)]
  8567 | D:7      | Reached skill level 5 in Ranged Weapons
  8935 | D:7      | Found a transporter.
  8938 | D:7      | Noticed a kobold demonologist
  8939 | D:7      | Noticed CougarLife's ghost (novice TrEE)
  8939 | D:7      | Noticed a slime creature
  9077 | D:7      | Killed Joseph
  9078 | D:7      | Reached skill level 6 in Ranged Weapons
  9415 | D:8      | Reached XP level 9. HP: 59/67 MP: 9/9
  9587 | D:5      | Killed Crazy Yiuf
  9926 | D:8      | Reached skill level 7 in Ranged Weapons
 10519 | D:8      | HP: 32/67 [yak (5)]
 10741 | D:8      | HP: 49/100 [yak (13)]
 10997 | D:8      | Reached skill level 8 in Ranged Weapons
 11414 | D:9      | Noticed a two-headed ogre
 11419 | D:9      | HP: 41/100 [two-headed ogre/+0 giant spiked club (25)]
 11420 | D:9      | Killed a two-headed ogre
 11421 | D:9      | Reached skill level 9 in Ranged Weapons
 11829 | D:9      | Reached XP level 10. HP: 44/74 MP: 7/10
 11976 | D:9      | Identified the +7 long sword of Wu Jian's Vengeance
                  | {protect, Fly rPois rC+++ Int-4}
 12149 | D:9      | HP: 32/74 [gnoll/+0 halberd[a gnoll sergeant] (12)]
 12153 | D:9      | Reached skill level 10 in Ranged Weapons
 12154 | D:9      | HP: 12/111 [gnoll/+0 halberd[a gnoll sergeant] (12)]
 12157 | D:9      | HP: 5/111 [gnoll/+0 spear[a gnoll sergeant] (1)]
 12402 | D:9      | HP: 37/74 [wraith (9)]
 12827 | D:9      | Found a hide-covered altar of Uskayaw.
 12827 | D:9      | Found a snail-covered altar of Cheibriados.
 12827 | D:9      | Found a sacrificial altar of Ru.
 12828 | D:9      | Found an iron altar of Okawaru.
 12831 | D:9      | Found a shimmering altar of Xom.
 12832 | D:9      | Found a basalt altar of Yredelemnul.
 12936 | D:10     | Entered Level 10 of the Dungeon
 13149 | D:10     | HP: 26/74 [orc warrior/+0 battleaxe (17)]
 13154 | D:10     | HP: 38/111 [orc/+0 hand axe (3)]
 13159 | D:10     | HP: 33/111 [orc/+0 hand axe (2)]
 13546 | D:10     | HP: 30/74 [acid dragon/splash of acid (12)]
 13847 | D:10     | Reached skill level 2 in Armour
 14406 | D:10     | Reached skill level 4 in Fighting
 14703 | D:11     | Noticed a cyclops
 14711 | D:11     | HP: 31/77 [cyclops/large rock (26)]
 14713 | D:11     | HP: 15/77 [cyclops/large rock (17)]
 14721 | D:10     | Reached skill level 3 in Armour
 14721 | D:10     | Reached skill level 1 in Shields
 15347 | D:11     | Reached skill level 2 in Shields
 15363 | D:11     | HP: 37/78 [yak (10)]
 15367 | D:11     | HP: 17/78 [yak (6)]
 15372 | D:11     | HP: 25/78 [yak (6)]
 15665 | D:11     | Reached XP level 11. HP: 65/83 MP: 11/11
 15770 | D:11     | Found a staircase to the Lair.
 16119 | D:11     | Reached skill level 5 in Fighting
 16298 | D:11     | Reached skill level 11 in Ranged Weapons
 16438 | D:11     | HP: 41/84 [troll (3)]
 16690 | D:11     | Noticed a two-headed ogre
 16694 | D:11     | HP: 36/85 [two-headed ogre/+0 giant club (7)]
 16695 | D:11     | Killed a two-headed ogre
 16696 | D:11     | Reached skill level 10 in Maces & Flails
 16696 | D:11     | Reached skill level 4 in Armour
 16696 | D:11     | Reached skill level 3 in Shields
 17053 | Lair:1   | Entered Level 1 of the Lair of Beasts
 17387 | Lair:1   | Reached **** piety under Trog
 17503 | D:11     | HP: 37/86 [yak (8)]
 17512 | D:11     | HP: 28/86 [yak (7)]
 17986 | Lair:1   | Reached skill level 6 in Fighting
 18016 | Lair:1   | HP: 35/86 [cane toad (13)]
 18021 | Lair:1   | HP: 31/86 [poisoned by a cane toad]
 18026 | Lair:1   | HP: 15/129 [poisoned by a cane toad]
 18028 | Lair:1   | HP: 7/129 [poisoned by a cane toad]
 18029 | Lair:1   | HP: 3/129 [poisoned by a cane toad]
 18030 | Lair:1   | Succumbed to a cane toad's poison

Illustrated notes

Levels and vault maps discovered:
D:1:      tarquinn_simple_flora_water_a, layout_loops_ring,
          chequers_ecumenical_altar_grove
D:2:      layout_rooms, interstate_on_off, uniq_natasha
D:3:      layout_loops_cross, st_stairs_7, minmay_misc_feat_enclosed,
          minivault_11, uniq_terence
D:4:      layout_loops_ring, grunt_ministairs_3
D:5:      layout_cave_pools, minmay_temple_entry_antechambers,
          uniq_crazy_yiuf_cottage, uniq_grinder
D:6:      layout_gridville, led_sif_pool, kennysheep_path_1
D:7:      layout_loops_corners, nzn_ghost_randoct, uniq_joseph
D:8:      layout_basic, grunt_ministairs_13
D:9:      layout_basic, minitemple
D:10:     minmay_angry_zag, layout_basic, st_stairs_13
D:11:     layout_roguey, minmay_lair_entry_grove, st_stairs_2
Lair:1:   layout_gridlike, st_stairs_3

Skill      XL: |  1  2  3  4  5  6  7  8  9 10 11 |
---------------+----------------------------------+-----
Maces & Flails | 4 5 6 8 9 10 | 10.3
Ranged Weapons | 3 6 9 10 11 | 11.1
Armour         | 3 4 |  4.5
Fighting       | 4 6 |  6.0
Shields        | 2 3 |  3.9
Dodging        | |  1.5

Action                   |  1- 3 |  4- 6 |  7- 9 | 10-12 || total
-------------------------+-------+-------+-------+-------++-------
Melee: Mace              |   111 |   125 |   117 |       ||   353
       Tailslap          |    10 |    16 |    36 |    68 ||   130
       Punch             |       |     2 |     2 |       ||     4
       Quarterstaff      |       |       |    95 |   122 ||   217
       Flail             |       |       |       |   320 ||   320
 Fire: Sling             |       |       |    37 |    18 ||    55
Invok: Berserk           |     1 |       |     5 |    11 ||    17
 Abil: Rolling Charge    |    28 |    17 |    21 |    29 ||    95
  Use: Scroll            |       |     9 |     3 |     2 ||    14
       Potion            |       |     1 |       |     1 ||     2
 Stab: Sleeping          |       |     1 |       |       ||     1
       Invisible         |       |       |     1 |       ||     1
Armor: Animal skin       |    40 |    28 |    15 |       ||    83
       Robe              |       |       |    30 |       ||    30
       Leather armour    |       |       |    24 |       ||    24
       Plate armour      |       |       |       |   216 ||   216
Dodge: Dodged            |    31 |    49 |    63 |   199 ||   342
Block: Buckler           |       |       |       |    56 ||    56
